General information
- name: BNet
- type: Ladder team game (AT/RT)
- host: Battle.net
- saver: NoIAmYourFather
map: Battleground
- players: 8
- length: 30:28
- speed: Fast
- version: 1.26 W3XP
- replay type: Public
» download(132 KB)
Players
team 1 (loser)
Gabriel26 (
red | 58 APM | 433 actions | 07:24)
1 Blood Mage
1 Flame Strike
» actions
| Assign group hotkey | 1 | |
| Build / train | 33 | |
| Enter build submenu | 22 | |
| Enter hero's abilities submenu | 1 | |
| Right click | 188 | |
| Select / deselect | 161 | |
| Use ability | 27 | |
433 total
» units
» upgrades
» buildings
| Altar of Kings | 1 | |
| Farm | 2 | |
| Arcane Vault | 1 | |
| Lumber Mill | 1 | |
| Scout Tower | 14 | |
| Arcane Tower | 1 | |
| Guard Tower | 12 | |
32 total
» build order
00:15 Altar of Kings
00:19 Farm
00:22 Arcane Vault
00:59 Lumber Mill
01:31 Scout Tower
02:08 Arcane Tower
02:35 Farm
03:13 Scout Tower
03:16 Scout Tower
03:35 Scout Tower
03:40 Guard Tower
03:43 Scout Tower
03:43 Guard Tower
03:46 Scout Tower
04:04 Guard Tower
04:06 Scout Tower
04:14 Guard Tower
04:32 Scout Tower
04:38 Scout Tower
04:40 Guard Tower
04:49 Guard Tower
04:52 Scout Tower
05:01 Scout Tower
05:02 Guard Tower
05:04 Guard Tower
05:08 Scout Tower
05:22 Guard Tower
05:26 Scout Tower
05:33 Guard Tower
05:35 Scout Tower
05:56 Guard Tower
06:09 Guard Tower
» items
| Lesser Clarity Potion | 3 | |
| Mechanical Critter | 1 | |
4 total
SKYRIMSUCKS (
purple | 52 APM | 1584 actions | 30:27)
9 Mountain King
3 Storm Bolt
3 Bash
1 Avatar
2 Thunder Clap
» actions
| Assign group hotkey | 35 | |
| Basic commands | 8 | |
| Build / train | 92 | |
| Enter build submenu | 16 | |
| Enter hero's abilities submenu | 9 | |
| Give item / drop item | 3 | |
| Right click | 607 | |
| Select / deselect | 220 | |
| Select group hotkey | 485 | |
| Use ability | 109 | |
1584 total
» units
| Peasant | 10 | |
| Footman | 7 | |
| Forest Troll Shadow Priest | 1 | |
| Gryphon Rider | 8 | |
| Troll Batrider | 28 | |
| Dragonhawk Rider | 3 | |
57 total
» upgrades
| Masonry | 1 | |
| Storm Hammers | 1 | |
| Liquid Fire | 1 | |
| Cloud | 1 | |
4 total
» buildings
| Altar of Kings | 1 | |
| Barracks | 1 | |
| Farm | 11 | |
| Scout Tower | 1 | |
| Arcane Tower | 1 | |
| Arcane Vault | 1 | |
| Keep | 1 | |
| Lumber Mill | 1 | |
| Castle | 2 | |
| Gryphon Aviary | 3 | |
| Beastiary | 2 | |
| Orc Burrow | 4 | |
| Guard Tower | 2 | |
| Town Hall | 1 | |
32 total
» build order
00:11 Altar of Kings
00:24 Barracks
00:42 Farm
00:53 Farm
01:34 Farm
01:42 Scout Tower
02:10 Arcane Tower
02:34 Arcane Vault
02:54 Farm
03:29 Keep
03:44 Lumber Mill
04:35 Farm
06:27 Castle
07:03 Gryphon Aviary
07:05 Gryphon Aviary
07:10 Farm
07:10 Farm
07:10 Farm
07:11 Farm
07:11 Farm
07:12 Farm
08:20 Gryphon Aviary
08:34 Beastiary
08:35 Beastiary
08:38 Orc Burrow
08:39 Orc Burrow
08:39 Orc Burrow
08:40 Orc Burrow
14:08 Guard Tower
14:08 Guard Tower
16:09 Town Hall
» items
| Scroll of Regeneration | 3 | |
| Scroll of Town Portal | 3 | |
| Potion of Mana | 4 | |
| Lesser Clarity Potion | 1 | |
| Potion of Lesser Invulnerability | 1 | |
| Scroll of Healing | 3 | |
15 total
jonathan.ka (
yellow | 35 APM | 246 actions | 07:00)
2 Far Seer
1 Feral Spirit
1 Chain Lighting
» actions
| Build / train | 16 | |
| Enter build submenu | 9 | |
| Enter hero's abilities submenu | 2 | |
| Right click | 119 | |
| Select / deselect | 84 | |
| Use ability | 16 | |
246 total
» units
» upgrades
» buildings
| Barracks | 1 | |
| Altar of Storms | 1 | |
| Orc Burrow | 5 | |
| Stronghold | 1 | |
| War Mill | 1 | |
| Voodoo Lounge | 1 | |
10 total
» build order
00:15 Barracks
00:17 Altar of Storms
00:26 Orc Burrow
01:55 Orc Burrow
02:54 Orc Burrow
04:05 Orc Burrow
04:27 Stronghold
04:31 War Mill
05:43 Orc Burrow
05:48 Voodoo Lounge
orlan1v1 (
orange | 25 APM | 205 actions | 08:03)
1 Mountain King
1 Storm Bolt
» actions
| Build / train | 19 | |
| Enter build submenu | 15 | |
| Enter hero's abilities submenu | 1 | |
| Right click | 78 | |
| Select / deselect | 73 | |
| Use ability | 19 | |
205 total
» units
» upgrades
» buildings
| Barracks | 1 | |
| Altar of Kings | 1 | |
| Farm | 5 | |
| Keep | 2 | |
| Lumber Mill | 1 | |
| Scout Tower | 1 | |
| Guard Tower | 1 | |
| Blacksmith | 1 | |
| Castle | 1 | |
| Fortress | 1 | |
| Workshop | 3 | |
18 total
» build order
00:33 Barracks
00:35 Altar of Kings
01:03 Farm
01:16 Farm
02:12 Farm
02:31 Farm
03:18 Keep
03:37 Farm
04:06 Lumber Mill
04:47 Scout Tower
05:18 Guard Tower
05:39 Blacksmith
06:21 Castle
07:10 Fortress
07:48 Workshop
07:51 Workshop
07:53 Workshop
07:57 Keep
team 2 (winner)

»
Gromkar (
green | 32 APM | 586 actions | 18:12)
3 Goblin Tinker
1 Cluster Rockets
1 Engineering Upgrade
1 Pocket Factory
» actions
| Assign group hotkey | 19 | |
| Basic commands | 8 | |
| Build / train | 41 | |
| Enter build submenu | 11 | |
| Enter hero's abilities submenu | 4 | |
| Right click | 169 | |
| Select / deselect | 118 | |
| Select group hotkey | 185 | |
| Use ability | 31 | |
586 total
» units
| Acolyte | 2 | |
| Ghoul | 3 | |
| Crypt Fiend | 19 | |
| Meatwagon | 2 | |
26 total
» upgrades
| Creature Attack | 2 | |
| Creature Carapace | 2 | |
| Web | 1 | |
| Burrow | 1 | |
6 total
» buildings
| Ziggurat | 6 | |
| Crypt | 1 | |
| Altar of Darkness | 1 | |
| Graveyard | 1 | |
| Nerubian Tower | 1 | |
| Halls of the Dead | 1 | |
| Spirit Tower | 1 | |
| Slaughterhouse | 1 | |
| Black Citadel | 1 | |
| Tomb of Relics | 1 | |
15 total
» build order
00:22 Ziggurat
00:28 Crypt
00:39 Altar of Darkness
01:32 Graveyard
01:52 Ziggurat
02:56 Ziggurat
03:02 Nerubian Tower
04:52 Halls of the Dead
05:02 Ziggurat
05:07 Spirit Tower
07:31 Ziggurat
08:52 Slaughterhouse
13:20 Black Citadel
14:22 Ziggurat
15:53 Tomb of Relics
» items
NoIAmYourFather (
blue | 51 APM | 1568 actions | 30:28)
6 Mountain King
3 Storm Bolt
2 Bash
1 Avatar
» actions
| Assign group hotkey | 54 | |
| Basic commands | 204 | |
| Build / train | 74 | |
| Enter build submenu | 24 | |
| Enter hero's abilities submenu | 6 | |
| Give item / drop item | 1 | |
| Right click | 654 | |
| Select / deselect | 297 | |
| Select group hotkey | 206 | |
| Use ability | 47 | |
1568 total
» units
| Peasant | 8 | |
| Footman | 10 | |
| Gryphon Rider | 20 | |
38 total
» upgrades
| Swords | 3 | |
| Masonry | 3 | |
| Animal War Training | 1 | |
| Storm Hammers | 1 | |
| Armor | 3 | |
| Defend | 1 | |
| Plating | 1 | |
13 total
» buildings
| Altar of Kings | 1 | |
| Barracks | 1 | |
| Farm | 14 | |
| Scout Tower | 2 | |
| Arcane Tower | 1 | |
| Keep | 1 | |
| Lumber Mill | 1 | |
| Guard Tower | 1 | |
| Blacksmith | 1 | |
| Arcane Vault | 1 | |
| Castle | 2 | |
| Gryphon Aviary | 2 | |
28 total
» build order
00:06 Altar of Kings
00:10 Barracks
00:14 Farm
01:22 Scout Tower
01:35 Farm
01:49 Arcane Tower
02:46 Farm
03:34 Keep
03:45 Farm
03:51 Scout Tower
03:58 Lumber Mill
04:39 Guard Tower
05:12 Blacksmith
05:21 Arcane Vault
06:24 Castle
06:24 Castle
07:18 Gryphon Aviary
07:37 Gryphon Aviary
08:47 Farm
10:00 Farm
12:10 Farm
14:05 Farm
14:46 Farm
15:19 Farm
19:56 Farm
19:57 Farm
22:08 Farm
22:11 Farm
» items
| Staff of Teleportation | 1 | |
| Boots of Speed | 1 | |
| Scroll of Regeneration | 1 | |
| Orb of Fire | 1 | |
4 total

»
futuro (
teal | 41 APM | 1251 actions | 30:27)
3 Death Knight
1 Death Coil
2 Unholy Aura
» actions
| Basic commands | 18 | |
| Build / train | 71 | |
| Enter build submenu | 30 | |
| Enter hero's abilities submenu | 3 | |
| Right click | 780 | |
| Select / deselect | 311 | |
| Use ability | 38 | |
1251 total
» units
» upgrades
| Creature Attack | 2 | |
| Creature Carapace | 2 | |
4 total
» buildings
| Altar of Darkness | 1 | |
| Crypt | 2 | |
| Ziggurat | 18 | |
| Nerubian Tower | 7 | |
| Graveyard | 2 | |
| Halls of the Dead | 1 | |
| Spirit Tower | 6 | |
| Tomb of Relics | 1 | |
| Black Citadel | 3 | |
| Sacrificial Pit | 1 | |
42 total
» build order
00:56 Altar of Darkness
00:59 Crypt
01:03 Ziggurat
01:08 Ziggurat
01:40 Crypt
02:02 Nerubian Tower
02:33 Graveyard
03:12 Ziggurat
03:20 Nerubian Tower
04:03 Ziggurat
04:08 Ziggurat
04:31 Halls of the Dead
04:35 Nerubian Tower
04:59 Spirit Tower
05:04 Spirit Tower
05:38 Ziggurat
06:19 Ziggurat
06:26 Ziggurat
06:45 Graveyard
07:02 Nerubian Tower
07:18 Nerubian Tower
07:20 Nerubian Tower
08:32 Tomb of Relics
11:18 Black Citadel
11:18 Black Citadel
11:26 Sacrificial Pit
14:35 Ziggurat
14:45 Ziggurat
16:07 Spirit Tower
16:09 Nerubian Tower
18:07 Ziggurat
18:41 Ziggurat
18:47 Ziggurat
19:53 Spirit Tower
19:56 Spirit Tower
20:06 Ziggurat
20:54 Ziggurat
21:14 Ziggurat
21:18 Ziggurat
21:31 Ziggurat
22:14 Spirit Tower

»
NeoExdeath (
pink | 37 APM | 849 actions | 23:13)
2 Lich
1 Frost Nova
1 Frost Armor
» actions
| Basic commands | 12 | |
| Build / train | 46 | |
| Enter build submenu | 14 | |
| Enter hero's abilities submenu | 2 | |
| Right click | 500 | |
| Select / deselect | 219 | |
| Use ability | 56 | |
849 total
» units
| Acolyte | 3 | |
| Ghoul | 3 | |
| Crypt Fiend | 17 | |
| Necromancer | 4 | |
| Banshee | 5 | |
32 total
» upgrades
| Creature Attack | 2 | |
| Web | 1 | |
| Necromancer Training | 1 | |
| Banshee Training | 1 | |
5 total
» buildings
| Ziggurat | 6 | |
| Altar of Darkness | 1 | |
| Crypt | 1 | |
| Tomb of Relics | 1 | |
| Nerubian Tower | 1 | |
| Graveyard | 1 | |
| Spirit Tower | 2 | |
| Halls of the Dead | 1 | |
| Temple of the Damned | 2 | |
| Necropolis | 1 | |
17 total
» build order
00:08 Ziggurat
00:09 Altar of Darkness
00:30 Crypt
01:11 Tomb of Relics
01:23 Nerubian Tower
01:41 Ziggurat
02:35 Graveyard
02:58 Ziggurat
03:59 Ziggurat
04:01 Ziggurat
04:03 Ziggurat
05:22 Spirit Tower
05:25 Spirit Tower
07:01 Halls of the Dead
09:45 Temple of the Damned
09:49 Temple of the Damned
13:57 Necropolis
» items
| Rod of Necromancy | 1 | |
| Scroll of Town Portal | 1 | |
2 total
Chat log
(00:13 / Allies) NeoExdeath: towering again?
(00:17 / Allies) Gromkar: fiends
(00:28 / Allies) futuro: k
(00:36 / Allies) NeoExdeath: red towers
(00:37 / Allies) NeoExdeath: careful
(00:50 / Allies) Gromkar: kk
(02:03 / Allies) NeoExdeath: hes towering you
(02:06 / Allies) NeoExdeath: teal
(02:16 / Allies) NeoExdeath: check
(02:21 / Allies) futuro: yep
(05:45 / Allies) Gromkar: fuckin tits
(05:45 / Allies) NeoExdeath: told ya
(05:59 / Allies) NeoExdeath: b...
(06:10 / Allies) Gromkar: pwnd on flame strike rofl
(06:29 / All) NoIAmYourFather: rape
(06:54 / Allies) NoIAmYourFather: gold please
(07:26 / All) NoIAmYourFather: RAPE
(07:27 / All) NeoExdeath: lol
(07:34 / All) NeoExdeath: wtf
(07:35 / All) SKYRIMSUCKS: i stabbed yellow
(07:37 / All) SKYRIMSUCKS: lawl
(07:40 / All) NeoExdeath: rofl
(07:41 / All) NoIAmYourFather: lol
(08:05 / All) NoIAmYourFather: RAPE
(09:15 / Allies) Gromkar: what a dumbshit
(09:21 / All) NoIAmYourFather: what a dumbshit -green
(10:01 / Allies) Gromkar: k im down to hit
(11:36 / Allies) NoIAmYourFather: gold please
(11:46 / Allies) NoIAmYourFather: thanks
(13:35 / All) NeoExdeath: lol blue
(13:43 / All) NoIAmYourFather: lol pink
(15:31 / All) NoIAmYourFather: just leave
(15:32 / All) NoIAmYourFather: pink
(16:12 / All) NeoExdeath: u kidding this is hilarioud
(16:12 / All) NoIAmYourFather: pink is dead
(16:30 / All) NeoExdeath: this is too funny lol
(16:41 / All) NoIAmYourFather: anal buttrape is funneh
(17:02 / All) NeoExdeath: no the fact that you think i care if you bs is funny
(17:12 / Allies) Gromkar: rofl
(17:36 / Allies) Gromkar: blue wtf
(17:56 / All) NoIAmYourFather: rape
(17:59 / Allies) Gromkar: u fucking piece of shit
(18:05 / All) NoIAmYourFather: u fucking piece of shit -green
(18:06 / All) NoIAmYourFather: he mad
(18:20 / All) NeoExdeath: yep
(18:22 / All) SKYRIMSUCKS: leave faggots
(18:27 / Allies) NoIAmYourFather: leave homosexuals
(18:31 / All) NeoExdeath: nah
(18:53 / All) NeoExdeath: lol purp you sucked anyway
(18:59 / All) NoIAmYourFather: like your mom
(19:03 / All) SKYRIMSUCKS: leave noob lawl
(19:07 / All) NeoExdeath: nope
(19:10 / All) NoIAmYourFather: here's some food purp
(19:33 / All) SKYRIMSUCKS: ty
(19:37 / All) NoIAmYourFather: np
(20:17 / All) NeoExdeath: purple you couldnt even upgrade your shit and your calling me noob lol
(20:22 / All) NoIAmYourFather: noob
(20:23 / All) NoIAmYourFather: leave
(20:24 / All) NoIAmYourFather: faggot
(20:27 / All) NeoExdeath: nope
(20:33 / All) NoIAmYourFather: go have sex with your mom
(20:38 / All) NoIAmYourFather: pink'
(20:44 / All) SKYRIMSUCKS: lawl
(20:45 / All) NeoExdeath: sorry unlike you im no redneck
(20:50 / All) NoIAmYourFather: your unit spread is like your mum's leg spread
(21:03 / All) NeoExdeath: lol like i coulda done much
(21:19 / All) NeoExdeath: rape=at equal odds and pwning
(21:22 / All) SKYRIMSUCKS: i owend u guys 1v4
(21:26 / All) NeoExdeath: wow
(21:26 / All) SKYRIMSUCKS: this was a ownage
(21:29 / All) NeoExdeath: lol
(21:29 / All) NoIAmYourFather: we raped you sonnies 2v8
(21:30 / All) SKYRIMSUCKS: gonna tell my friends
(21:33 / All) SKYRIMSUCKS: 1v4
(21:37 / All) NeoExdeath: cool
(21:41 / All) NoIAmYourFather: we're posting it on highper.ch
(21:45 / All) NoIAmYourFather: so everyone can see you get raped
(21:50 / All) NeoExdeath: nice
(21:53 / All) NoIAmYourFather: and they can watch your rapage
(21:55 / All) NoIAmYourFather: over and over
(21:58 / All) NoIAmYourFather: and over again!
(22:18 / All) NeoExdeath: dude look at my /stats youre not the first bser ive come across lol
(22:37 / All) NoIAmYourFather: 625-726
(22:38 / All) NoIAmYourFather: nice
(22:42 / All) NoIAmYourFather: a pisspoor w/l ratio
(22:46 / All) NoIAmYourFather: ready to get put down even lower
(22:47 / All) NeoExdeath: lol
(22:59 / All) NeoExdeath: I dont play for records scrun
(23:10 / All) NeoExdeath: anyway have fun
(23:13 / All) NoIAmYourFather: k
(23:16 / All) SKYRIMSUCKS: can u noobs plz leave
(23:20 / All) NoIAmYourFather: leave teal'
(23:22 / All) NoIAmYourFather: you lost
(24:02 / All) NoIAmYourFather: teal
(24:04 / All) NoIAmYourFather: just leave
(24:07 / All) NoIAmYourFather: you got raped
(24:10 / All) NoIAmYourFather: dont be sad
(24:38 / All) NoIAmYourFather: you should get xp from allied units
(24:53 / All) SKYRIMSUCKS: yes us hould
(25:26 / All) NoIAmYourFather: teal
(25:28 / All) NoIAmYourFather: are you mad?
(25:31 / All) NoIAmYourFather: or afk?
(25:43 / All) SKYRIMSUCKS: hes there
(25:51 / All) NoIAmYourFather: what is he even doing?
(25:55 / All) NoIAmYourFather: he just had 1 ghoul in the middle
(25:59 / Allies) futuro: hahhahahahaaaaaaaaaaaaaaaaaa
(27:20 / All) NoIAmYourFather: you're not leaving teal
(27:26 / All) NoIAmYourFather: so we'rek illing all my buildings
(27:27 / Allies) futuro: no
(27:37 / Allies) futuro: yep
(28:17 / All) SKYRIMSUCKS: mk duel
(28:21 / All) NoIAmYourFather: you'd win
(28:27 / All) NoIAmYourFather: level 9 vs level 6
(28:42 / All) SKYRIMSUCKS: not pricely
(28:44 / All) SKYRIMSUCKS: precisely
(28:49 / All) SKYRIMSUCKS: stun is random
(29:17 / All) NoIAmYourFather: let me live
(29:21 / All) NoIAmYourFather: god damn
(29:35 / All) NoIAmYourFather: gg teal
(29:37 / All) NoIAmYourFather: you are butthurt
(29:39 / All) SKYRIMSUCKS: u did real good this game
(29:40 / All) NoIAmYourFather: get it talked out
(29:42 / All) SKYRIMSUCKS: i didnt think u could do it
(29:43 / Allies) futuro: gg
(29:43 / All) NoIAmYourFather: at a doctor
(29:44 / Allies) NoIAmYourFather: gg
(29:48 / All) NoIAmYourFather: they sucked
(29:52 / All) NoIAmYourFather: they weren't even attacking my gryphs
(29:54 / All) NoIAmYourFather: with their fiends'
(29:57 / All) NoIAmYourFather: and they had web
(30:05 / All) NoIAmYourFather: teal was the worst player
(30:06 / All) NoIAmYourFather: of all
(30:08 / All) NoIAmYourFather: he sucked
(30:09 / All) NoIAmYourFather: monkey d
(30:18 / Allies) futuro: hahahahaaaaaaaaaaaaaaaaaaaaaaaaaaaaaaaaaaaaaaaaaaaaaaa
(30:21 / All) NoIAmYourFather: lol'
(30:26 / Allies) NoIAmYourFather: you lose